Map: Romanticide LE

Players

Serral - Winner!

  • Race: Zerg Zerg
  • Spawn Location: 11:00

Clem

  • Race: Terran Terran
  • Spawn Location: 5:00

Event: IEM Katowice 2021

VOD

Have the link to the VOD?

Description

Time

  • Played on: Feb. 26, 2021, 1 p.m.
  • Length: 18:01

All games in this series

Show
View Real Time Build Order
Export as new Build Order

Serral Zerg - Winner!

Build Orders: Hatch First, Muta Ling Bane 

Get SALT Encoding   

  12  0:00  Drone  
  13  0:12  Overlord  
  13  0:16  Drone  
  14  0:30  Drone x2  
  16  0:48  Hatchery  
  15  0:51  Drone  
  15  0:54  Drone  
  17  0:57  Drone  
  18  1:08  Extractor  
  17  1:12  Spawning Pool  
  17  1:15  Drone  
  17  1:19  Drone  
  18  1:27  Drone  
  19  1:38  Drone  
  20  1:49  Drone  
  21  2:00  Zergling x4, Queen x2  
  27  2:11  Overlord  
  27  2:12  Drone  
  28  2:22  Hatchery  
  27  2:24  Drone  
  28  2:32  Drone x2  
  28  2:34  Drone  
  31  2:41  Queen  
  33  2:45  Metabolic Boost  
  33  2:50  Overlord  
  33  2:53  Drone  
  33  2:57  Drone x2  
  36  3:09  Overlord, Drone x4  
  40  3:16  Drone  
  40  3:17  Queen  
  43  3:21  Drone  
  44  3:28  Queen  
  44  3:29  Overlord  
  46  3:35  Queen  
  48  3:43  Drone x2  
  48  3:45  Zergling x4  
  51  3:49  Overlord  
  51  3:51  Drone  
  51  3:52  Drone x3  
  55  3:57  Queen  
  55  3:59  Zergling x2  
  58  4:04  Zergling x2  
  58  4:05  Baneling Nest  
  58  4:06  Drone  
  58  4:07  Drone x2  
  61  4:10  Overlord  
  61  4:12  Zergling x2  
  61  4:13  Zergling x2  
  61  4:16  Drone x2  
  65  4:20  Drone  
  65  4:21  Drone x2  
  68  4:25  Overlord  
  68  4:28  Lair  
  68  4:30  Spore Crawler  
  67  4:32  Zergling x2  
  67  4:34  Drone x2  
  67  4:35  Drone  
  67  4:36  Drone  
  72  4:39  Spore Crawler  
  72  4:40  Extractor  
  72  4:41  Spore Crawler  
  72  4:44  Overlord  
  72  4:45  Drone  
  70  4:47  Drone  
  70  4:50  Extractor  
  70  4:52  Zergling x2, Overlord  
  71  4:54  Drone  
  71  4:56  Queen  
  71  4:59  Baneling x3  
  74  5:00  Drone  
  74  5:02  Drone x2  
  74  5:04  Drone  
  78  5:07  Drone x2  
  78  5:11  Drone x3  
  83  5:15  Overlord  
  83  5:16  Drone x2  
  83  5:17  Drone  
  83  5:20  Zergling x2  
  87  5:21  Drone  
  87  5:24  Extractor  
  87  5:25  Extractor  
  87  5:28  Extractor  
  85  5:31  Drone x2, Spire  
  85  5:33  Overseer  
  85  5:34  Drone x3  
  85  5:35  Drone  
  90  5:41  Overseer  
  90  5:42  Overlord  
  90  5:43  Zergling x6  
  90  5:44  Drone x2  
  90  5:46  Drone  
  90  5:47  Drone  
  96  5:50  Drone x2  
  98  5:59  Drone x2  
  98  6:02  Centrifical Hooks  
  100  6:04  Hatchery  
  100  6:06  Drone x3  
  101  6:12  Zergling x4  
  101  6:13  Zergling x4  
  101  6:17  Evolution Chamber, Overlord  
  103  6:18  Evolution Chamber  
  103  6:19  Overlord  
  103  6:21  Zergling x4  
  103  6:24  Overlord  
  104  6:31  Overlord  
  104  6:44  Mutalisk  
  104  6:45  Mutalisk x7  
  120  6:50  Baneling x2  
  120  6:52  Baneling x2  
  120  6:53  Zergling x2  
  120  6:54  Zergling x2  
  122  6:57  Zergling x8  
  122  6:58  Baneling x4  
  126  7:07  Zergling x12, Zerg Flyer Weapons Level 1  
  132  7:09  Overseer  
  131  7:22  Baneling x2  
  131  7:24  Zerg Melee Weapons Level 1  
  131  7:25  Queen  
  131  7:28  Overlord, Zerg Ground Armor Level 1  
  131  7:29  Zergling x2  
  139  7:30  Zergling x18  
  142  7:47  Pneumatized Carapace  
  142  7:48  Overlord  
  142  7:49  Drone x5  
  142  7:50  Drone x5  
  150  7:53  Spore Crawler  
  150  7:55  Baneling  
  150  7:58  Overlord  
  149  8:00  Overlord  
  149  8:02  Baneling x5  
  149  8:03  Zergling x2  
  149  8:04  Zergling x2  
  151  8:05  Baneling  
  151  8:06  Baneling x5  
  151  8:09  Baneling x11  
  151  8:16  Zergling x20  
  151  8:17  Baneling  
  151  8:18  Baneling x5  
  158  8:22  Zergling x6  
  161  8:31  Baneling  
  161  8:32  Baneling x4  
  155  8:34  Zergling x12  
  155  8:35  Zergling x8  
  155  8:37  Zergling x2, Drone  
  155  8:41  Mutalisk  
  159  8:48  Mutalisk x2  
  156  8:52  Zergling x2  
  156  8:53  Zergling x2  
  139  8:55  Baneling x4  
  139  8:56  Baneling x4  
  139  9:00  Zergling x12  
  139  9:02  Baneling x4  
  145  9:05  Zergling x8  
  145  9:07  Overseer  
  145  9:10  Zergling x6  
  145  9:11  Baneling x4  
  145  9:13  Hatchery  
  147  9:21  Mutalisk  
  147  9:23  Overlord  
  147  9:24  Zergling x6, Extractor  
  152  9:25  Overlord x2  
  152  9:27  Extractor  
  152  9:30  Zergling x14  
  151  9:39  Zerg Melee Weapons Level 2  
  151  9:41  Zergling x16  
  151  9:43  Zerg Ground Armor Level 2  
  159  9:46  Hatchery  
  158  9:53  Baneling x8  
  152  10:02  Zergling x6  
  152  10:03  Zergling x18  
  152  10:04  Baneling  
  152  10:05  Baneling x8  
  160  10:07  Baneling  
  160  10:08  Baneling x3  
  160  10:11  Overseer  
  160  10:14  Zergling x16  
  168  10:16  Baneling x4  
  165  10:28  Zergling x24  
  164  10:30  Baneling x4  
  173  10:46  Zergling x6  
  173  10:47  Zergling x22  
  178  10:56  Mutalisk x5  
  168  11:03  Zerg Flyer Weapons Level 2  
  168  11:05  Drone x3, Infestation Pit  
  168  11:07  Drone  
  171  11:13  Zergling x10  
  171  11:16  Baneling x5  
  176  11:22  Zergling x10  
  167  11:28  Zergling x10  
  167  11:31  Baneling x4  
  166  11:34  Zergling x8  
  166  11:39  Baneling x10  
  165  11:41  Zergling x2  
  165  11:42  Zergling x2  
  165  11:46  Zergling x10  
  172  11:48  Baneling x2  
  172  11:52  Baneling  
  172  11:53  Baneling x8  
  166  12:03  Zergling x20  
  169  12:12  Baneling x4  
  169  12:13  Zergling x18  
  169  12:21  Zergling x16  
  175  12:24  Baneling  
  175  12:25  Baneling x6  
  175  12:28  Zergling x2  
  175  12:29  Zergling x6  
  179  12:44  Zergling x16  
  184  12:50  Hive  
  187  12:53  Overlord x2  
  187  12:54  Overlord  
  187  12:58  Baneling x16  
  187  13:00  Overlord, Spore Crawler  
  187  13:01  Overlord  
  187  13:04  Overlord  
  186  13:10  Drone  
  180  13:15  Mutalisk x5  
  180  13:18  Drone x3  
  180  13:19  Zerg Flyer Armor Level 1, Drone  
  191  13:20  Drone  
  186  13:29  Zergling x16  
  186  13:30  Zergling x2  
  186  13:36  Mutalisk x3  
  192  13:42  Zergling x2  
  192  13:43  Zergling x10  
  198  13:56  Overseer  
  198  13:57  Baneling x13  
  198  14:01  Zergling x24  
  198  14:07  Zergling x12  
  197  14:15  Zergling x2  
  197  14:16  Zergling x18  
  194  14:22  Zergling x4  
  194  14:23  Zergling x12  
  183  14:27  Baneling x10  
  172  14:32  Zergling x12  
  172  14:36  Baneling x8  
  172  14:37  Overseer  
  177  14:43  Zergling x2  
  177  14:44  Zergling x14  
  185  14:50  Zergling x14  
  192  14:55  Overseer  
  190  15:01  Zerg Melee Weapons Level 3, Zerg Ground Armor Level 3  
  187  15:10  Zergling x20  
  195  15:15  Adrenal Glands  
  195  15:18  Overseer x2  
  195  15:19  Baneling x7  
  182  15:31  Zergling x24  
  185  15:36  Baneling x11  
  181  15:49  Ultralisk Cavern  
  180  15:55  Zergling x2  
  180  15:56  Zergling x20  
  191  16:04  Hatchery  
  191  16:10  Zergling x18  
  191  16:11  Zergling x2  
  200  16:17  Baneling x2  
  200  16:18  Baneling x6  
  199  16:19  Hatchery  
  199  16:22  Zergling x12  
  199  16:23  Zergling x6  
  197  16:26  Baneling x10  
  197  16:31  Baneling  
  197  16:32  Baneling x11  
  196  16:48  Drone x2  
  196  16:51  Hatchery  
  189  16:55  Overseer  
  189  16:57  Ultralisk  
  188  17:07  Ultralisk  
  198  17:10  Ultralisk  
  184  17:29  Baneling x8  
  169  17:37  Zergling x2  
  169  17:38  Zergling x6  
  169  17:39  Zergling x30  
Show
View Real Time Build Order
Export as new Build Order

Clem Terran 

Build Orders: Reaper Expand, Hellion Banshee 

Get SALT Encoding   

  12  0:00  SCV  
  13  0:12  SCV  
  14  0:17  Supply Depot  
  14  0:24  SCV  
  15  0:38  SCV  
  15  0:39  Barracks  
  16  0:43  Refinery  
  16  0:50  SCV  
  17  1:02  SCV  
  18  1:14  SCV  
  19  1:27  Reaper, Orbital Command  
  20  1:39  Command Center  
  20  1:47  Supply Depot  
  20  1:52  SCV  
  21  1:59  Marine  
  22  2:04  SCV  
  23  2:11  Factory  
  23  2:14  Refinery  
  23  2:17  SCV  
  23  2:19  Barracks Reactor  
  24  2:29  SCV  
  25  2:41  SCV  
  25  2:50  Orbital Command  
  25  2:53  SCV  
  25  2:56  Starport  
  26  3:01  Hellion x2, Marine  
  26  3:05  SCV  
  32  3:14  Supply Depot  
  32  3:16  SCV  
  32  3:17  SCV  
  34  3:20  Barracks Tech Lab  
  34  3:22  Hellion x2  
  38  3:28  SCV  
  38  3:29  SCV  
  40  3:39  Supply Depot  
  40  3:40  SCV  
  41  3:41  SCV  
  41  3:43  Cloaking Field  
  41  3:47  Banshee  
  45  3:51  Hellion  
  45  3:52  Hellion  
  45  3:53  SCV x2  
  51  4:03  Supply Depot  
  51  4:05  SCV  
  51  4:06  SCV  
  51  4:08  Barracks Tech Lab  
  53  4:17  Command Center  
  53  4:18  SCV  
  53  4:24  SCV  
  55  4:27  Stimpack  
  55  4:29  Banshee  
  58  4:32  SCV  
  58  4:36  SCV  
  60  4:40  Barracks x2  
  60  4:42  Factory Reactor  
  60  4:43  Marine  
  60  4:45  SCV  
  62  4:46  Supply Depot  
  62  4:48  SCV  
  63  4:57  SCV, Engineering Bay  
  63  4:58  Engineering Bay  
  64  5:00  SCV  
  64  5:01  Marine  
  64  5:04  Refinery  
  64  5:05  Refinery  
  66  5:09  SCV  
  66  5:13  Supply Depot  
  67  5:15  SCV  
  67  5:19  Marine  
  69  5:21  Starport Reactor  
  69  5:24  SCV, Terran Infantry Weapons Level 1, Terran Infantry Armor Level 1  
  70  5:30  Marine x2, Orbital Command  
  70  5:34  Factory Reactor  
  70  5:35  Marine  
  72  5:36  SCV x2  
  72  5:37  Marine  
  72  5:42  Marine  
  77  5:46  Barracks  
  77  5:47  Barracks, Marine  
  77  5:48  SCV, Marine  
  80  5:52  SCV, Orbital Command  
  80  5:53  Marine  
  80  5:54  Marine  
  83  5:58  Supply Depot  
  83  5:59  Medivac  
  83  6:00  Medivac, SCV  
  83  6:01  Marine  
  83  6:04  SCV  
  90  6:05  Marine  
  90  6:08  Combat Shield  
  90  6:09  Marine  
  90  6:11  Marine  
  92  6:12  SCV  
  92  6:16  SCV  
  95  6:18  SCV  
  95  6:19  Widow Mine x2  
  95  6:24  Supply Depot  
  95  6:25  Supply Depot  
  100  6:26  Marine  
  100  6:27  Marine  
  100  6:30  SCV x2  
  100  6:31  Marine  
  105  6:33  Marine  
  105  6:36  SCV, Barracks Reactor x2  
  107  6:42  Marine  
  107  6:43  Factory  
  107  6:45  SCV  
  107  6:46  SCV  
  110  6:47  Supply Depot  
  110  6:51  SCV  
  110  6:53  Widow Mine x2  
  115  6:54  Refinery  
  115  6:55  Armory  
  115  6:57  Medivac  
  115  6:58  Medivac  
  115  7:00  SCV  
  120  7:02  Marine  
  120  7:04  Supply Depot  
  120  7:06  SCV  
  120  7:07  Marine  
  120  7:08  Marine x2  
  123  7:10  Marine  
  123  7:12  SCV  
  123  7:13  Marine  
  123  7:15  Marine x2  
  130  7:17  Supply Depot  
  130  7:18  Widow Mine  
  130  7:19  Missile Turret  
  130  7:22  Missile Turret x2  
  132  7:23  Marine  
  132  7:26  Widow Mine, Supply Depot, Marine x2  
  132  7:27  Marine  
  138  7:30  Marine  
  138  7:31  SCV  
  138  7:32  SCV  
  138  7:34  Marine  
  138  7:35  Marine  
  141  7:37  Supply Depot  
  141  7:39  Marine x2  
  141  7:42  Marine, Supply Depot  
  141  7:44  Supply Depot  
  141  7:46  Terran Infantry Weapons Level 2  
  141  7:50  Terran Infantry Armor Level 2  
  141  7:56  Supply Depot  
  141  7:58  SCV  
  141  7:59  SCV  
  141  8:04  SCV, Marine x6  
  148  8:06  Marine  
  149  8:16  Widow Mine, Command Center  
  149  8:17  Marine  
  153  8:21  Widow Mine  
  153  8:22  Medivac, Widow Mine  
  153  8:23  Medivac  
  153  8:25  SCV  
  159  8:27  Drilling Claws  
  159  8:32  Marine, Supply Depot  
  158  8:35  Marine x2  
  158  8:36  Barracks Reactor x2  
  158  8:38  Widow Mine  
  158  8:39  Marine  
  152  8:43  Supply Depot  
  152  8:44  SCV  
  152  8:47  SCV, Marine  
  152  8:48  Supply Depot  
  153  8:49  Widow Mine  
  153  8:52  Medivac  
  153  8:53  Medivac  
  153  8:54  Widow Mine, Marine x3  
  145  8:57  Marine  
  145  9:00  Widow Mine  
  148  9:04  Marine  
  141  9:11  Marine  
  141  9:13  Marine x3  
  141  9:15  Barracks x2, Refinery  
  144  9:17  SCV x2, Barracks, Marine x2  
  144  9:18  Marine  
  144  9:19  Marine  
  144  9:21  Thor  
  154  9:25  Widow Mine x2  
  148  9:32  SCV  
  148  9:36  Marine x2  
  155  9:38  Marine x3  
  155  9:41  Terran Vehicle And Ship Armor Level 1, Marine x3  
  155  9:44  SCV x2  
  159  9:46  SCV, Marine  
  158  9:53  Marine  
  158  9:59  Widow Mine x2  
  161  10:02  Marine x3  
  161  10:03  Marine x2, Barracks Tech Lab x2  
  161  10:04  Marauder  
  161  10:06  SCV  
  162  10:11  Missile Turret  
  162  10:12  Thor, Planetary Fortress  
  168  10:16  Missile Turret  
  168  10:17  Marine x3  
  168  10:18  Barracks Tech Lab  
  168  10:19  SCV  
  168  10:21  Marine  
  168  10:23  Marine  
  168  10:25  Marine  
  168  10:26  SCV, Marine x2  
  163  10:30  SCV  
  163  10:31  Marine x3  
  163  10:35  Marine  
  168  10:36  Supply Depot  
  168  10:37  Missile Turret  
  168  10:39  Marine  
  168  10:40  Marine x2  
  170  10:43  Widow Mine  
  170  10:44  Widow Mine, SCV  
  170  10:45  SCV  
  170  10:46  SCV, Marine  
  170  10:49  Marine x2  
  164  10:50  SCV  
  164  10:56  SCV  
  159  10:57  Missile Turret  
  159  10:58  SCV x2  
  159  10:59  Widow Mine  
  159  11:00  Marine x2  
  159  11:01  Marine x2  
  159  11:02  Marauder x2  
  159  11:03  SCV  
  172  11:05  Widow Mine  
  172  11:09  Marine  
  175  11:11  Terran Infantry Weapons Level 3  
  175  11:12  SCV  
  176  11:20  Command Center  
  176  11:21  Marine x2  
  176  11:22  Marauder, Marine x2  
  176  11:23  Barracks Tech Lab  
  176  11:24  Marine  
  177  11:26  Widow Mine  
  177  11:29  Marine  
  177  11:31  Marauder, Marine  
  177  11:34  SCV  
  177  11:39  Marine x2  
  173  11:40  Marine x2  
  173  11:42  Marauder, Marine  
  173  11:43  Widow Mine  
  173  11:44  Widow Mine  
  173  11:47  Marine  
  182  11:49  Widow Mine  
  182  11:52  SCV  
  183  11:55  Marine  
  183  11:56  Marine x2  
  183  11:57  Marine  
  183  12:00  Marine x2  
  183  12:01  Missile Turret  
  184  12:04  Widow Mine, Terran Infantry Armor Level 3  
  175  12:08  Marine  
  175  12:09  Marine  
  175  12:10  SCV  
  175  12:11  SCV  
  175  12:12  SCV, Widow Mine  
  175  12:14  Marine  
  169  12:16  Widow Mine  
  169  12:22  Marine x3  
  161  12:24  Marine x2  
  161  12:26  SCV, Widow Mine  
  164  12:32  SCV  
  164  12:33  SCV  
  164  12:36  Marine  
  165  12:39  SCV  
  165  12:41  SCV  
  162  12:46  Marine x2  
  162  12:47  SCV  
  162  12:48  SCV  
  162  12:51  SCV, Marine x2  
  160  12:53  Missile Turret  
  160  12:54  Marine x2  
  160  12:55  Marauder, Missile Turret  
  160  12:56  Marine x2  
  168  12:59  SCV, Widow Mine x2  
  168  13:00  SCV, Marine  
  168  13:04  Marine  
  176  13:09  Widow Mine, Marine  
  176  13:11  Marine  
  176  13:12  Marine x3  
  183  13:13  SCV  
  183  13:15  Planetary Fortress  
  183  13:17  Marauder  
  183  13:19  Refinery  
  185  13:22  SCV  
  185  13:26  SCV  
  181  13:27  Marine x2  
  181  13:28  Marauder  
  181  13:29  Widow Mine  
  181  13:31  SCV  
  181  13:33  Missile Turret  
  181  13:34  Marine x2  
  181  13:36  SCV  
  181  13:40  Marauder  
  186  13:45  Marine x2, Missile Turret  
  186  13:46  Marauder x2  
  190  13:51  Marine  
  190  13:52  Marauder x2, Marine x2  
  190  13:53  Widow Mine  
  190  13:54  Widow Mine x2  
  192  14:01  Marine  
  187  14:04  Supply Depot  
  187  14:05  Marine  
  187  14:06  Marine  
  184  14:10  Marauder, Missile Turret x2  
  184  14:14  Widow Mine, Marine  
  184  14:15  Widow Mine, Marine x2  
  184  14:16  Medivac, Widow Mine  
  184  14:23  SCV  
  155  14:24  Marine  
  155  14:25  SCV, Marine  
  155  14:26  Marine  
  155  14:29  SCV x2  
  155  14:30  Marine x3  
  138  14:31  Marine  
  138  14:32  Marine  
  138  14:33  Marine  
  138  14:35  Marine  
  138  14:36  Widow Mine  
  135  14:42  Marine x2  
  135  14:44  Marine  
  131  14:46  SCV x2  
  131  14:49  SCV x2  
  131  14:52  Marine  
  129  14:55  Marine x2  
  129  14:58  Marine  
  129  14:59  SCV  
  133  15:02  Marine x3  
  133  15:04  SCV  
  133  15:07  Widow Mine, Marine x3  
  137  15:10  Marine  
  141  15:14  Missile Turret  
  141  15:16  SCV  
  141  15:20  Marine x5  
  148  15:25  Marine x2  
  149  15:28  Marine  
  149  15:29  Marauder  
  149  15:30  SCV x2  
  149  15:32  SCV  
  148  15:36  Widow Mine x2  
  148  15:38  Marine x4  
  148  15:39  Marauder  
  158  15:43  Marine x2  
  158  15:46  Marine  
  158  15:49  Marine  
  159  15:53  Widow Mine  
  159  15:54  Supply Depot  
  159  15:55  Marine x2, Supply Depot  
  159  15:56  Marine  
  166  15:57  Widow Mine  
  166  16:01  Marauder, Marine  
  166  16:04  Marine, Barracks Tech Lab x2  
  170  16:05  Orbital Command  
  170  16:08  Marauder  
  170  16:10  Widow Mine  
  175  16:13  Marine  
  175  16:14  Widow Mine  
  172  16:20  SCV  
  154  16:26  Marine x4, Missile Turret  
  158  16:33  Widow Mine  
  160  16:42  Marine x3, Orbital Command  
  162  16:52  Marine x4  
  162  16:53  Widow Mine  
  168  16:58  Medivac  
  170  17:02  Widow Mine  
  167  17:11  Marine x5  
  167  17:13  Widow Mine  
  168  17:19  Marine x2  
  168  17:21  Marine  
  148  17:24  Marine  
  148  17:28  Marine  
  114  17:38  Marine  
  114  17:39  Marine  

Tags
 
Add a new tag
Caveats
  • Supply blocks, unpowered buildings, or Contaminate may cause inaccurate times.
  • Supply counts are checked every 10 seconds.